cohdb
Replays
Latest Replays
All Replays
Popular Replays
Top Player Replays
Match Explorer
How It Works
Community
CoH3 Stats
Reddit
Sign in to upload your games and track your stats! →
Sign in with Steam
Match 30569751
Unlisted
Match 30569751
Overview
Messages
Build Orders
End
Kradschützen Motorcycle Team
Panzergrenadier Squad
Construct Light Support Kompanie
Assault Grenadier Squad
2.5-tonne Medical Truck
MG34 Team
Fire Support Elements
le.IG 18 Mechanized Group
Flakvierling Half-track
Combat Half-tracks
Vehicle Survival Package
Kradschützen Motorcycle Team
Selects Armored Support Battlegroup
Selects Superior Fire Drills
Selects Flammpanzer III Medium Tank Sd.Kfz. 141
Flammpanzer III Medium Tank
Flammpanzer III Medium Tank
Selects Salvage Kits
Flammpanzer III Medium Tank
Advanced Field Repairs
Flammpanzer III Medium Tank
Selects Panzer Storm
Panzer Storm
HulkSMASH
Commander Z
0
0
Comments
sign in to comment!
No comments posted yet!